AoeStats
← and0608

Four Lakes

508898531Analyzed
1v1 RM · 7d ago on Sep 24, 2026· 50m 48s· 2 players
Game mode
Random Map
Map size
Tiny (2 player)
Population
200
Speed
Normal
Resources
Standard
Victory
Conquest
Starting age
Dark Age
Ending age
Imperial Age
RankedLock teamsTeams togetherTeam positionsShared explorationLock speedFull tech treeHidden civsTurbo modeCheats
Victory
Defeat
🇨🇭 Inca · Switzerland
874
+15
🇲🇽 Muisca · Mexico
854
-15
iisraelunna
11:37 Feudal Age
13:33 Wheelbarrow
12:39 Champi Runner
15:21 Loom
16:04 Double-Bit Axe
17:15 Town Watch
22:01 Castle Age
24:38 Champi Warrior
37:17 Scale Mail Armor
37:28 Forging
46:27 Imperial Age
45:14 Fletching
45:24 Padded Archer Armor
and0608
8:13 Loom
12:31 Feudal Age
12:57 Double-Bit Axe
14:24 Fishing Lines
15:32 Stone Mining
18:33 Castle Age
16:27 Horse Collar
17:31 Forging
17:24 Gold Mining
17:25 Champi Runner
17:53 Arson
18:23 Scale Mail Armor
19:14 Padded Archer Armor
19:03 Pikeman
19:43 Squires
20:20 Leather Archer Armor
21:15 Fletching
29:32 Champi Warrior
36:01 Imperial Age
36:02 Andean Sling
37:38 Conscription
38:45 Heavy Plow
38:57 Bow Saw
41:26 Elite Kamayuk
42:40 Fabric Shields
43:25 Murder Holes
45:52 Crop Rotation
48:56 Hoardings
Connection lost

Rejoining the realm…

Still unreachable

The connection could not be restored.

Session expired

The server has moved on; the page needs a fresh start.